 Dungeon Crawl Stone Soup version 0.20-a0-656-g9b0dcd9 (webtiles) character file.

244 Chiseanne the Nimble (level 5, 0/25 HPs)
             Began as a Spriggan Gladiator on Feb 16, 2017.
             Killed from afar by an orc wizard (5 damage)
             ... with a magic dart
             ... on level 4 of the Dungeon.
             The game lasted 00:05:39 (2970 turns).

Chiseanne the Nimble (Spriggan Gladiator)           Turns: 2970, Time: 00:05:40

Health: 0/25       AC: 11    Str: 10    XL:     5   Next: 83%
Magic:  6/6        EV: 17    Int:  9    God:
Gold:   190        SH:  0    Dex: 19    Spells: 4/4 levels left

rFire    + + .     SeeInvis +   s - +1 dagger (venom)
rCold    x . .     Gourm    .   t - +2 fire dragon scales
rNeg     . . .     Faith    .   (shield restricted)
rPois    .         Spirit   .   c - +1 hat
rElec    .         Reflect  .   (no cloak)
rCorr    .         Harm     .   (gloves unavailable)
MR       .....                  (boots unavailable)
Stlth    ..........             (no amulet)
Regen    0.1/turn               (no ring)
MPRegen  0.1/turn               (no ring)

@: very quick
A: unfitting armour, see invisible, herbivore 3, speed 3, slow metabolism 2
a: no special abilities


You were on level 4 of the Dungeon.
You were not hungry.

You visited 1 branch of the dungeon, and saw 4 of its levels.

You collected 190 gold pieces.

Inventory:

Hand Weapons
 a - a +0 long sword
 s - a +1 dagger of venom (weapon)
Missiles
 d - 3 throwing nets (quivered)
 e - 79 stones
 g - 16 sling bullets
 k - 27 bolts
 o - 35 poisoned needles
 q - 29 arrows
Armour
 c - a +1 hat (worn)
 t - +2 fire dragon scales (worn)
Wands
 n - a wand of enslavement (11/24)
Scrolls
 b - 5 scrolls of identify
 v - a scroll of amnesia
 x - a scroll of teleportation {unknown}
Potions
 i - 3 potions of heal wounds
 j - 3 potions of curing
 m - a potion of cancellation
 p - a potion of invisibility
 r - a potion of haste
 w - a potion of berserk rage
Books
 u - a book of Cantrips

   Spells                             Type                      Level
   a - Confusing Touch                Hexes                        1
   b - Animate Skeleton               Necromancy                   1
   c - Summon Small Mammal            Summoning                    1
   d - Apportation                    Translocation                1
Comestibles
 f - 3 bread rations
 h - a royal jelly
 l - a fruit


   Skills:
 - Level 1.5 Fighting
 - Level 2.4 Long Blades
 - Level 2.0 Throwing
 * Level 1.7 Armour
 * Level 8.7 Dodging


You had 4 spell levels left.
You didn't know any spells.

Dungeon Overview and Level Annotations

Branches:
Dungeon (4/15)
 Temple: D:4-7

Altars:


Innate Abilities, Weirdness & Mutations

You are very small and have problems with some larger weapons.
You are too small for most types of armour.
You have supernaturally acute eyesight. (SInv)
You are a herbivore.
You cover ground extremely quickly.
You need consume almost no food.


Message History

The orc wizard hits you but does no damage.
The adder bites you but does no damage.
Your fire dragon scales prevents you from hitting the adder.
The orc wizard points at you and mumbles some strange words.
The magic dart hits you!
* * * LOW HITPOINT WARNING * * *
The adder barely misses you.
Your fire dragon scales prevents you from hitting the orc wizard.
The orc wizard is severely wounded.
The orc wizard hits you but does no damage.
The adder completely misses you.
The orc wizard gestures wildly while chanting.
The orc wizard blinks!
Your fire dragon scales prevents you from hitting the adder.
The adder closely misses you.
You hit the adder.
The adder is poisoned.
The adder is lightly wounded.
The orc wizard points at you and mumbles some strange words.
The magic dart hits you!
You die...

.... .... o...% >....
...... ###......
######.)...... #
#...#.@).#. ####
##.....#S......
##.#######.....#...#...#
##)....................#
.................##)....
..............#.## .....
............###.# ....
##.....>....# .. ....
##.........####.#.


You could see an orc wizard and an adder.

Vanquished Creatures
  2 hounds (D:4)
  2 orc priests
  4 adders
  An ooze (D:1)
  A worm (D:3)
  2 dart slugs
  4 leopard geckos
  6 orcs
  9 bats
  A giant cockroach (D:1)
  12 goblins
  6 hobgoblins
  3 jackals (D:4)
  A quokka (D:3)
  3 ball pythons
  3 frilled lizards
  5 kobolds
  8 rats
73 creatures vanquished.

Vanquished Creatures (others)
  A bush (D:3)
1 creature vanquished.

Grand Total: 74 creatures vanquished

Notes
Turn   | Place    | Note
-------+----------+-------------------------------------------
     0 | D:1      | Chiseanne the Spriggan Gladiator began the quest for the Orb.
     0 | D:1      | Reached XP level 1. HP: 10/10 MP: 2/2
    92 | D:1      | Reached skill level 5 in Dodging
   355 | D:1      | Reached XP level 2. HP: 14/14 MP: 3/3
   485 | D:1      | Reached skill level 6 in Dodging
   603 | D:1      | Reached XP level 3. HP: 14/18 MP: 4/4
  1193 | D:2      | Reached skill level 7 in Dodging
  1436 | D:2      | Reached XP level 4. HP: 18/22 MP: 5/5
  2324 | D:3      | Reached skill level 8 in Dodging
  2371 | D:3      | Reached XP level 5. HP: 23/25 MP: 6/6
  2844 | D:4      | Reached skill level 1 in Armour
  2970 | D:4      | Killed from afar by an orc wizard

Vault maps used:
D:1:      eino_arrival_cavern_b
D:3:      serial_forest, infiniplex_forest_lined_2,
          infiniplex_forest_clump_long, infiniplex_forest_clump_double,
          infiniplex_forest_clump_diagonal, infiniplex_forest_corner_1,
          infiniplex_forest_lined_3_way, infiniplex_forest_straight_4,
          infiniplex_forest_side_room, hangedman_abyss_or_decor_lesser_grid,
          serial_park_tiny_1

Skill      XL: |  1  2  3  4  5 |
---------------+----------------+-----
Dodging        | 5 6 7 8 |  8.7
Armour         | 1 |  1.7
Fighting       | |  1.5
Long Blades    | |  2.4
Throwing       | |  2.0

Action                   |  1- 3 |  4- 6 || total
-------------------------+-------+-------++-------
Melee: Dagger            |    73 |   132 ||   205
       Long sword        |    36 |       ||    36
  Use: Scroll            |     8 |     9 ||    17
Armor: Robe              |     8 |     1 ||     9
       Fire dragon scale |       |    26 ||    26
Dodge: Dodged            |   108 |   113 ||   221
       Rpst.: Long sword |     5 |       ||     5
